 Dungeon Crawl Stone Soup version 0.29.0-11-gd7f09526c8 (webtiles) character file.

Game seed: 14947793883089604384

1561 slphil the Cleaver (level 8, -4/75 HPs)
             Began as a Minotaur Fighter on Sept 6, 2022.
             Was a Follower of Trog.
             Slain by a gnoll
             ... wielding a +0 flail
             ... led by a gnoll sergeant
              (10 damage)
             ... on level 6 of the Dungeon.
             The game lasted 00:07:05 (4438 turns).

slphil the Cleaver (Minotaur Fighter)               Turns: 4438, Time: 00:07:06

Health: -4/75      AC: 13    Str: 22    XL:     8   Next: 58%
Magic:  7/7        EV:  8    Int:  5    God:    Trog [*.....]
Gold:   257        SH:  0    Dex: 11    Spells: 7/7 levels left

rFire   . . .      SeeInvis .   a - +0 war axe
rCold   . . .      Faith    .   j - +1 kite shield {AC+3}
rNeg    . . .      Spirit   .   b - +0 scale mail
rPois   .          Reflect  .   (helmet restricted)
rElec   .          Harm     .   (no cloak)
rCorr   .          Rampage  .   u - +1 pair of gloves {hurl}
Will    +....                   C - +0 pair of boots
Stlth   ..........              (no amulet)
HPRegen 0.22/turn               v - ring of willpower
MPRegen 0.10/turn               (no ring)

@: confused, lethally poisoned (-4 -> -9), ambrosia-drunk
A: horns 2, retaliatory headbutt
a: Renounce Religion, Berserk


You were on level 6 of the Dungeon.
You worshipped Trog.
Trog was aware of your devotion.
You visited 1 branch of the dungeon, and saw 6 of its levels.

You collected 257 gold pieces.

Inventory:

Hand Weapons
 a - a +0 war axe (weapon)
Armour
 b - a +0 scale mail (worn)
 j - a +1 kite shield of protection (worn)
 u - a +1 pair of gloves of hurling (worn)
 C - a +0 pair of boots (worn)
Jewellery
 e - a ring of fire
 v - a ring of willpower (left hand)
Wands
 c - a wand of flame (13)
 h - a wand of roots (11)
 p - a wand of polymorph (8)
 x - a wand of mindburst (19)
Scrolls
 m - a scroll of teleportation {unknown}
 n - 3 scrolls of immolation
 s - a scroll of fear {unknown}
 t - 2 scrolls of blinking {unknown}
 w - a scroll of torment {unknown}
 y - a scroll of vulnerability {unknown}
 A - a scroll of poison {unknown}
 B - a scroll of amnesia {unknown}
Potions
 d - 3 potions of might
 f - 2 potions of brilliance
 i - 2 potions of lignification
 k - a potion of attraction
 o - a potion of ambrosia
 q - 2 potions of haste
 r - 2 potions of magic {unknown}
 z - a potion of flight


   Skills:
 + Level 8.3 Fighting
 * Level 10.8 Axes
 - Level 3.6 Armour
 - Level 3.6 Shields


You had 7 spell levels left.
You didn't know any spells.
Your spell library contained the following spells:

 Spells                   Type           Power      Damage    Failure   Level
 Shock                    Conj/Air       0%         1d3       99%         1
 Sting                    Tmut/Pois      0%         1d3       99%         1
 Blink                    Tloc           0%         N/A       99%         2
 Poisonous Vapours        Pois/Air       0%         N/A       99%         2
 Lesser Beckoning         Tloc           0%         N/A       100%        3
 Swiftness                Air            0%         N/A       100%        3
 Airstrike                Air            0%         2d(0-16)  100%        4
 Olgreb's Toxic Radiance  Pois           0%         N/A       100%        4
 Manifold Assault         Tloc           0%         N/A       100%        5


Dungeon Overview and Level Annotations

Branches:
Dungeon (6/15)
 Temple: D:4-7

Altars:
Trog
Uskayaw


Innate Abilities, Weirdness & Mutations

You have a pair of horns on your head.
You reflexively headbutt those who attack you in melee.


Message History

* * * LOW HITPOINT WARNING * * *
You feel very sick.
The gnoll hits you with a +0 spear of venom.
* * * LOW HITPOINT WARNING * * *
You are more poisoned.
The gnoll hits you but does no damage.
You feel better. The gnoll hits you but does no damage.
You are poisoned.
The gnoll hits you with a +0 flail.
* * * LOW HITPOINT WARNING * * *
You barely miss the gnoll.
The gnoll is lightly wounded.
You hit the gnoll.
You feel sick. The gnoll barely misses you. You furiously retaliate!
You headbutt the gnoll!
You kill the gnoll!
Trog accepts your kill. You block the gnoll's attack.
The gnoll hits you but does no damage.
You are more poisoned.
You hit the gnoll. You headbutt the gnoll.
The gnoll is heavily wounded.
You hit the gnoll.
* * * LOW HITPOINT WARNING * * *
You feel very sick. The gnoll barely misses you. The gnoll closely misses you.
You furiously retaliate!
You headbutt the gnoll!
You kill the gnoll!
Trog accepts your kill.
You hit the gnoll.
You headbutt the gnoll, but do no damage.
The gnoll is moderately wounded.
* * * LOW HITPOINT WARNING * * *
You feel sick. The gnoll hits you with a +0 flail.
* * * LOW HITPOINT WARNING * * *
Unknown command.
It was a potion of ambrosia.
You are confused.
You feel invigorated.
* * * LOW HITPOINT WARNING * * *
You feel sick. The gnoll hits you with a +0 flail!
You die...

..## #... ###
#... #.. #..##
#.# #... #.# #..
##..
###$##g##.######.
......)@.).......
###.##.##.######
#...##.....##
#..#..##.###.##
#... ...##.###.##
#..(.
#..##.....##
#....
#..######.##.#
...##
#...........#
#.....#.......


You could see a gnoll.

Vanquished Creatures
  Sigmund (D:3)
  2 black bears
  2 ice beasts
  An ogre (D:4)
  A centaur (D:5)
  A phantom (D:6)
  A gnoll sergeant (D:6)
  A necrophage (D:3)
  3 scorpions
  A gnoll bouda (D:4)
  3 orc priests
  Terence (D:3)
  2 iguanas
  Natasha (thrice) (D:2)
  An orc wizard (D:5)
  8 gnolls
  3 adders
  An ufetubus (D:4)
  2 worms
  11 orcs
  5 endoplasms
  9 goblins
  5 hobgoblins
  7 jackals
  3 quokkas
  2 ball pythons (D:1)
  6 bats
  6 frilled lizards
  6 kobolds
  6 rats
104 creatures vanquished.

Vanquished Creatures (others)
  13 plants (D:1)
13 creatures vanquished.

Grand Total: 117 creatures vanquished

Notes
Turn   | Place    | Note
-------+----------+-------------------------------------------
     0 | D:1      | slphil the Minotaur Fighter began the quest for the Orb.
     0 | D:1      | Reached XP level 1. HP: 19/19 MP: 0/0
   140 | D:1      | Reached skill level 3 in Axes
   140 | D:1      | Reached XP level 2. HP: 26/27 MP: 1/1
   689 | D:1      | Reached XP level 3. HP: 29/33 MP: 2/2
  1002 | D:2      | Reached skill level 4 in Axes
  1085 | D:2      | Found a bloodstained altar of Trog.
  1248 | D:2      | Found a faded altar of an unknown god.
  1377 | D:2      | Reached XP level 4. HP: 41/41 MP: 3/3
  1417 | D:2      | Noticed Natasha
  1592 | D:2      | Killed Natasha
  1632 | D:2      | Noticed Natasha
  1642 | D:2      | Killed Natasha
  1643 | D:2      | Reached skill level 5 in Axes
  1894 | D:3      | Found a hide-covered altar of Uskayaw.
  2014 | D:2      | Noticed Natasha
  2021 | D:2      | Killed Natasha
  2022 | D:2      | Reached skill level 5 in Fighting
  2022 | D:2      | Reached XP level 5. HP: 47/48 MP: 4/4
  2065 | D:2      | Became a worshipper of Trog the Wrathful
  2156 | D:3      | Noticed Terence
  2169 | D:3      | Killed Terence
  2228 | D:3      | Reached skill level 6 in Axes
  2305 | D:3      | Noticed Sigmund
  2323 | D:3      | Killed Sigmund
  2324 | D:3      | Reached skill level 7 in Axes
  2324 | D:3      | Reached XP level 6. HP: 35/57 MP: 5/5
  2626 | D:4      | Noticed an ice beast
  2637 | D:4      | Killed an ice beast
  2638 | D:4      | Reached XP level 7. HP: 64/64 MP: 6/6
  2808 | D:4      | Reached skill level 8 in Axes
  2927 | D:4      | Reached * piety under Trog
  3149 | D:4      | Reached skill level 9 in Axes
  3486 | D:5      | Entered Level 5 of the Dungeon
  3533 | D:5      | Reached XP level 8. HP: 15/73 MP: 7/7
  4114 | D:5      | Reached skill level 10 in Axes
  4437 | D:6      | HP: 3/75 [gnoll/+0 flail[a gnoll sergeant] (3)]
  4438 | D:6      | Slain by a gnoll

Illustrated notes

Levels and vault maps discovered:
D:1:      giann_wishing_wells, layout_loops_ring, serial_bayou,
          serial_bayou_crossing, serial_bayou_pond_a, serial_bayou_lagoon_a,
          serial_bayou_lagoon_b, serial_bayou_shore_b
D:2:      layout_loops_ring, basic_altar, basic_ecumenical_altar, uniq_natasha
D:3:      layout_basic, nicolae_overflow_crystal_walls,
          chequers_serial_rivers_micro_e, uniq_terence, uniq_sigmund
D:4:      layout_loops_cross, minmay_misc_feat_tower
D:5:      layout_cave_pools
D:6:      layout_loops_corners, mainiacjoe_overflow_surrounded_room,
          serial_shops, nicolae_lakefront_shop, grunt_ministairs_8,
          minmay_parallelograms, minmay_small_thing

Skill      XL: |  1  2  3  4  5  6  7  8 |
---------------+-------------------------+-----
Fighting       | 4 5 6 7 8 |  8.3
Axes           | 3 4 5 7 9 10 | 10.8
Armour         | |  3.6
Shields        | |  3.6

Action                   |  1- 3 |  4- 6 |  7- 9 || total
-------------------------+-------+-------+-------++-------
Melee: War axe           |    77 |    73 |    99 ||   249
       Headbutt          |     7 |    12 |    24 ||    43
       Unarmed           |       |    10 |       ||    10
  Use: Potion            |       |     1 |     9 ||    10
       Scroll            |       |       |     2 ||     2
Armor: Scale mail        |    41 |    36 |    57 ||   134
       Skin              |       |     2 |    28 ||    30
Dodge: Dodged            |    24 |    21 |    43 ||    88
Block: Buckler           |     6 |       |       ||     6
       Kite shield       |    26 |    39 |    62 ||   127
